Unix NetHack Version 5.0.0-0 post-release - last build Jul 19 2026 19:10:59 (3aa4ab31751d3886436d94b585a96704892fd477,branch:main).

Game began 2026-07-24 21:11:48, ended 2026-07-24 21:19:35.

Jinnora, neutral female human Tourist

                        ----------         --------
                        +........|    #####.......|           ---------
                        |........|    #    |......|###########........|
                        |.........#####    |......|#          |.......|
                        |.<......|        #.......|#    ######........|
                        |........|        #|.....`|######     |.......|
                        -@--------        #------.-#  ##`#####........|
                         @             #############          |.......|
                         dd#####          #    ###            --.------
                               #          #    #                #
                               ###        #  ###              ###
                                 #        #  #  #             #
                           ------.----- ### -.----           ##
                           |..........|##   |.....#     -----.-------
                           |.....)....|#    |..x.|######|..........(|
                           |...........#    |..>.|     #............|
                           |..........|     ------      |...........|
                           ------------                 -------------

Jinnora the Rambler         St:12 Dx:15 Co:16 In:11 Wi:9 Ch:14  Neutral
Dlvl:4  $:806 HP:0(22) Pw:5(5) AC:7  Xp:2/23 T:1603  Hungry   Burdened

Latest messages:
 You swap places with your little dog.
 You hear a jackal howling at the moon.
 You hear a door open.
 You see here a crossbow.
 You don't find anything here to loot.
 The werejackal hits!
 The werejackal hits!
 You are beginning to feel hungry.
 In what direction? 8
 The dart hits the werejackal.
 The werejackal hits!
 Are you sure you want to pray? [yn] (n) y
 You begin praying to The Lady.
 You are surrounded by a shimmering light.
 The werejackal summons help!
 A jackal suddenly appears next to you!
 A coyote suddenly appears next to you!
 The werejackal starts to attack you, but pulls back.
 The coyote starts to attack you, but pulls back.
 The jackal starts to attack you, but pulls back.
 The werejackal starts to attack you, but pulls back.
 The coyote starts to attack you, but pulls back.
 The jackal starts to attack you, but pulls back.
 The werejackal starts to attack you, but pulls back.
 You finish your prayer.
 You feel that The Lady is satisfied.
 You feel much better.
 In what direction? 8
 The dart hits the werejackal.
 The coyote bites!
 The jackal bites!
 The werejackal changes into a jackal.
 The werejackal bites!
 In what direction? 8
 The dart misses the werejackal.
 The coyote bites!
 The jackal bites!
 The werejackal changes into a human.
 The werejackal hits!
 The coyote bites!
 The jackal bites!
 The werejackal hits!
 What do you want to write with? [- aprv-xC or ?*] ?
 You engrave in the ground with a wand of digging.
 What do you want to engrave in the ground here? Elbereth
 Gravel flies up from the floor.
 The coyote turns to flee.
 The coyote bites!
 You die...
 Do you want your possessions identified? [ynq] (y) q

Inventory:
 Coins    ('$')
  $ - 806 gold pieces
 Weapons  (')')
  a - 34 uncursed +2 darts (at the ready)
  p - an uncursed +0 dagger
 Armor    ('[')
  i - an uncursed +0 Hawaiian shirt with a hula dancer motif (being worn)
  o - an uncursed +0 ring mail (being worn)
 Comestibles  ('%')
  A - an uncursed cram ration
  c - 8 uncursed food rations
  e - 2 uncursed lembas wafers
  b - 4 uncursed tripe rations
  z - a cursed tripe ration
  d - an uncursed egg
  n - 3 uncursed lichen corpses
 Scrolls  ('?')
  y - a cursed scroll of light
  h - a blessed scroll of magic mapping
  g - 3 uncursed scrolls of magic mapping
 Potions  ('!')
  f - 3 uncursed potions of extra healing
  m - 2 uncursed potions of healing
  u - a blessed potion of monster detection
  q - 2 uncursed potions of speed
  s - an uncursed potion of water
 Wands    ('/')
  C - an uncursed wand of digging (0:7)
  v - an uncursed wand of digging (0:4)
 Tools    ('(')
  k - an uncursed credit card
  j - an uncursed expensive camera (0:61)
  t - an uncursed skeleton key
  B - an uncursed tin whistle
 Gems/Stones  ('*')
  r - 2 uncursed worthless pieces of violet glass
  x - 2 uncursed worthless pieces of yellowish brown glass
  w - an uncursed luckstone

Jinnora the Tourist's attributes:

Background:
 You were a Rambler, a level 2 female human Tourist.
 You were neutral, on a mission for The Lady
 who was opposed by Blind Io (lawful) and Offler (chaotic).
 You were right-handed.
 You were in the Dungeons of Doom, on level 4.
 You entered the dungeon 1603 turns ago.
 You had 23 experience points, 17 more were needed to attain level 3.

Basics:
 You had 0 out of 22 hit points.
 You had all 5 energy points (spell power).
 Your armor class was 7.
 Your wallet contained 806 zorkmids.
 Autopickup was off.

Final Characteristics:
 Your strength was 12 (limit:18/100).
 Your dexterity was 15 (limit:18).
 Your constitution was 16 (limit:18).
 Your intelligence was 11 (limit:18).
 Your wisdom was 9 (limit:18).
 Your charisma was 14 (limit:18).

Final Status:
 You were hungry.
 You were burdened; movement was slightly slowed.
 You were bare handed.
 You were unskilled in bare handed combat.

Final Attributes:
 You were nominally aligned.
 You were warded.
 You were lucky.
 You had extra luck.
 Bad luck did not time out for you.
 Good luck did not time out for you.
 You are dead.

Miscellaneous:
 You didn't encounter any bones levels.
 Total elapsed playing time was 7 minutes and 47 seconds.

Major events:
 Turn
    1: Jinnora the neutral female human Tourist entered the dungeon
  988: entered the Gnomish Mines
 1603: killed by a coyote

You didn't know any spells.

Skills:
 Fighting Skills
   bare handed combat [Unskilled]
   two weapon combat  [Unskilled]
   riding             [Unskilled]
 Weapon Skills
   dagger             [Unskilled]
   knife              [Unskilled]
   axe                [Unskilled]
   pick-axe           [Unskilled]
   short sword        [Unskilled]
   broadsword         [Unskilled]
   long sword         [Unskilled]
   two-handed sword   [Unskilled]
   saber              [Unskilled]
   mace               [Unskilled]
   morning star       [Unskilled]
   flail              [Unskilled]
   hammer             [Unskilled]
   quarterstaff       [Unskilled]
   polearms           [Unskilled]
   spear              [Unskilled]
   trident            [Unskilled]
   lance              [Unskilled]
   bow                [Unskilled]
   sling              [Unskilled]
   crossbow           [Unskilled]
   dart               [Basic]
   shuriken           [Unskilled]
   boomerang          [Unskilled]
   whip               [Unskilled]
   unicorn horn       [Unskilled]
 Spellcasting Skills
   divination spells  [Unskilled]
   enchantment spells [Unskilled]
   escape spells      [Unskilled]

Voluntary challenges:
 Character rerolling was not enabled.
 You went without food.
 You never hit with a wielded weapon.
 You never genocided any monsters.
 You never polymorphed an object.
 You never changed form.
 You used no wishes.
Achievements:
 You entered the Gnomish Mines.
 You entered a shop.

 The Dungeons of Doom: levels 1 to 5
    Level 1:
    Level 2:
    Level 3:
       A weapon shop.
       Stairs down to The Gnomish Mines.
    Level 4: <- You were here.
       Final resting place for
          you, killed by a coyote.
    Level 5:
 The Gnomish Mines:
    Level 4:


Vanquished creatures:
  a giant rat
  a yellow mold
  2 jackals
  2 foxes
  a kobold
  a goblin
  a sewer rat
  2 grid bugs
  5 lichens
  2 newts
18 creatures vanquished.

No species were genocided or became extinct.

Game over:
                       ----------
                      /          \
                     /    REST    \
                    /      IN      \
                   /     PEACE      \
                  /                  \
                  |     Jinnora      |
                  |      806 Au      |
                  |   killed by a    |
                  |      coyote      |
                  |                  |
                  |                  |
                  |       2026       |
                 *|     *  *  *      | *
        _________)/\\_//(\/(/\)/\//\/|_)_______

Aloha Jinnora the Tourist...

You died in The Dungeons of Doom on dungeon level 4 with 347 points,
and 806 pieces of gold, after 1603 moves.
You were level 2 with a maximum of 22 hit points when you died.

